[Event "*** Titled Tuesday Blitz"]
[Site "Chess.com"]
[Date "2020.05.12"]
[Round "5"]
[White "BIG_Pirate"]
[Black "Muguet7"]
[Result "0-1"]
[WhiteElo "2305"]
[BlackElo "2477"]
[TimeControl "180+1"]
[EndTime "10:56:44 PDT"]
[Termination "Muguet7 won on time"]

1. Nf3 Nf6 2. c4 e6 3. g3 d5 4. Bg2 d4 5. O-O Nc6 6. d3 Be7 7. Na3 O-O 8. Nc2 a5 9. b3 e5 10.
e3 Bf5 11. exd4 exd4 12. Re1 Bb4 13. Nxb4 Nxb4 14. Bf1 Re8 15. a3 Nc6 16. Bg5 Qd6 17. Bf4 Qd7 18. Qd2 h6 19. h4 Nh5 20. Rab1 Bg4 21.
Nh2 Bf5 22. Rxe8+ Rxe8 23. b4 axb4 24. axb4 Nxf4 25. Qxf4 Bg6 26. Nf3 Qf5 27. Qxf5 Bxf5 28. b5 Ne5 29. Nxd4 Bxd3 30. Bxd3 Nxd3 31. Rd1 Nb2 32.
Rc1 Re4 33. Nf5 Rxc4 34. Re1 Rc5 35. Re8+ Kh7 36. Ne3 Rxb5 37. Re7 c5 38. Rxf7 c4 39. h5 Rxh5 40. Rxb7 c3 41. Rc7 Na4 42. Nd1 Re5 43. Nxc3 Re1+ 44. Kg2 Rc1 45. Nxa4 Rxc7 46. Nb2 Rc3 47.
Nd1 Rc1 48. Ne3 Kg6 49. Kf3 Kf6 50. Ng4+ Kf5 51. Ne3+ Ke6 52. Ng4 h5 53. Ne3 g5 54.
Ke4 Ra1 55. Kf3 Ra4 56. Ke2 Ke5 57. Kf3 g4+ 58. Kg2 Ke4 59. Nc2 Ra2 60. Ne3 Ra4 61.
Nf1 Ra3 62. Nh2 Kd3 63. f3 Ra2+ 64. Kg1 Rxh2 65. Kxh2 gxf3 0-1

[Event "*** Titled Tuesday Blitz"]
[Site "Chess.com"]
[Date "2020.05.12"]
[Round "5"]
[White "DinaBelenkaya"]
[Black "ChessBitl"]
[Result "1-0"]
[WhiteElo "2126"]
[BlackElo "2302"]
[TimeControl "180+1"]
[EndTime "10:56:46 PDT"]
[Termination "DinaBelenkaya won on time"]

1. e4 c5 2. Nc3 Nc6 3. g3 g6 4. Bg2 Bg7 5. Nge2 e6 6. d3 Nge7 7. O-O O-O 8. Be3 b6 9. Qc1 Bb7 10. Bh6 d5 11. Qf4 Nd4 12. Rac1 e5 13. Qh4 Nxe2+ 14.
Nxe2 dxe4 15. dxe4 Nc6 16. Bg5 f6 17. Be3 Nd4 18.
Nc3 f5 19. Bg5 Bf6 20. Bxf6 Qxf6 21. Qxf6 Rxf6 22. f4 exf4 23. e5 Rf7 24. gxf4 Rd8 25. Rcd1 Bxg2 26. Kxg2 Rfd7 27. Rf2 Kf7 28. Rfd2 Ke6 29.
Rf2 b5 30. a3 a5 31. Rd3 c4 32. Rh3 b4 33. Na4 Rc7 34. Rd2 h5 35. c3 bxc3 36.
bxc3 Nc6 37. Rxd8 Nxd8 38. Rg3 Kf7 39. Kf2 Ne6 40. Ke3 Rd7 41. Nb2 Rc7 42. Rg1 h4 43. Rd1 g5 44. fxg5 f4+ 45. Ke4 Nxg5+ 46. Kxf4 Ne6+ 47. Ke4 Rb7 48. Nxc4 Rc7 49. Nd6+ Kg6 50. c4 a4 51. Rg1+ Kh5 52. Kf5 Ng7+ 53. Kf6 Kh6 54. Rg6+ Kh7 55. Rg4 Nh5+ 56. Ke6 Ng7+ 57. Kd5 Ra7 58.
Rxh4+ 1-0

[Event "*** Titled Tuesday Blitz"]
[Site "Chess.com"]
[Date "2020.05.12"]
[Round "5"]
[White "Fusikk"]
[Black "KarstenHansch"]
[Result "1/2-1/2"]
[WhiteElo "2501"]
[BlackElo "2360"]
[TimeControl "180+1"]
[EndTime "10:56:47 PDT"]
[Termination "Game drawn by repetition"]

1. d4 d5 2. c4 e6 3. Nf3 Nf6 4. Nc3 Be7 5. Bg5 O-O 6. e3 Nbd7 7. cxd5 Nxd5 8. Bxe7 Nxe7 9. Be2 c5 10. O-O cxd4 11. Nxd4 Qb6 12. Qb3 Nf5 13. Nxf5 exf5 14. Nd5 Qxb3 15. axb3 a6 16. Rac1 Ne5 17. Nb6 Rb8 18.
Rc7 Be6 19. b4 Rfd8 20. f4 Nd7 21. Nxd7 Rxd7 22. Rfc1 Kf8 23. Rxd7 Bxd7 24. Rc7 Bc6 25. Bc4 Be8 26. Kf2 b6 27. Bxa6 b5 28. Bb7 Rd8 29.
Rc2 Ke7 30. Ke2 Rd6 31. Rd2 Rxd2+ 32. Kxd2 Kd6 33. Kc3 Bd7 34. Kd4 Be6 35. h3 Bc4 36. g4 Be6 37. gxf5 Bxf5 38. h4 Bd7 39.
e4 f6 40. Bd5 h6 41. e5+ fxe5+ 42. fxe5+ Ke7 43. h5 Be8 44. Bf3 g6 45. hxg6 Bxg6 46.
Kc5 Be8 47. Bg4 h5 48. Bh3 h4 49.
Bg4 Bd7 50. Bf3 Ke6 51. Kd4 Kf5 52. Kd5 h3 53. Kd6 Be6 54. Bh1 Bc4 55. Bb7 Bb3 56. Bc6 h2 57. Bb7 Bc4 58. Bc6 Bb3 59. Bb7 Bc4 60.
Bc6 Ba2 61. Bb7 Bc4 1/2-1/2

[Event "*** Titled Tuesday Blitz"]
[Site "Chess.com"]
[Date "2020.05.12"]
[Round "5"]
[White "Michaelson_11"]
[Black "1f3_2g41-0"]
[Result "0-1"]
[WhiteElo "2004"]
[BlackElo "2299"]
[TimeControl "180+1"]
[EndTime "10:56:47 PDT"]
[Termination "1f3_2g41-0 won by checkmate"]

1. e4 c5 2. Nf3 d6 3. d4 cxd4 4. Nxd4 Nf6 5. Nc3 a6 6. Nb3 e5 7. Bg5 Be7 8. Bxf6 Bxf6 9. Qd3 Be6 10. O-O-O Nc6 11. Qxd6 Qxd6 12. Rxd6 Ke7 13. Rd1 Rhd8 14.
Be2 Nd4 15. Kb1 Rac8 16. Bd3 b5 17. Nxd4 exd4 18. Ne2 g5 19. g3 Bg4 20. Rhe1 Bf3 21. Rc1 Rc5 22. Ng1 Bh5 23. f4 gxf4 24. gxf4 Bh4 25.
Rf1 Rg8 26. e5 Rg2 27. Bxh7 Bf2 28. Be4 Rxh2 29. Nf3 Bxf3 30. Bxf3 Be3 31. Rh1 Rf2 32. Rhf1 Rcxc2 33. Bd5 Rxb2+ 34. Ka1 Bxc1 35. Rxc1 Rbc2 36. Rxc2 Rxc2 37. f5 Rc5 38. f6+ Kf8 39. Bb7 Rxe5 40. Bxa6 d3 41. Kb2 Rc5 42. Bb7 d2 43. Bf3 Rc1 44. Kb3 d1=Q+ 45. Bxd1 Rxd1 46. Kb4 Rd5 47.
a3 Ke8 48. Ka5 Kd7 49. Kb6 Ke6 50. Kc6 Rd6+ 51. Kxb5 Kxf6 52. a4 Ke7 53. a5 f5 54.
a6 Rxa6 55. Kxa6 f4 56. Kb5 f3 57. Kc4 f2 58. Kb5 f1=Q+ 59. Kc5 Qd1 60. Kc4 Qd2 61. Kc5 Qd3 62. Kc6 Qc4+ 63. Kb6 Kd6 64. Ka5 Qb3 65.
Ka6 Kc6 66. Ka7 Qb7# 0-1

[Event "*** Titled Tuesday Blitz"]
[Site "Chess.com"]
[Date "2020.05.12"]
[Round "5"]
[White "zurzan"]
[Black "Trickov"]
[Result "0-1"]
[WhiteElo "1979"]
[BlackElo "2290"]
[TimeControl "180+1"]
[EndTime "10:56:47 PDT"]
[Termination "Trickov won on time"]

1. f4 d5 2. Nf3 Nf6 3. g3 g6 4.
Bg2 Bg7 5. O-O O-O 6. d3 c5 7.
c3 Nc6 8. Qe1 Re8 9. Ne5 Qc7 10.
Nxc6 bxc6 11. e4 e5 12. f5 Ba6 13. fxg6 hxg6 14. Bg5 Bxd3 15. Rxf6 Bxf6 16. Bxf6 Re6 17. Qf2 Qd6 18. Bg5 dxe4 19. Nd2 f6 20. Be3 f5 21. Bxc5 Qd5 22. Be3 a5 23. b3 a4 24. c4 Qd6 25.
Rc1 axb3 26. axb3 Ra2 27. Bc5 Qd8 28. Qe3 Kg7 29. Nf1 Qa5 30. b4 Qa3 31. b5 Qb2 32. Qf2 cxb5 33. Qxb2 Rxb2 34. cxb5 Rxb5 35. Be3 Rb1 36.
Rxb1 Bxb1 37. Nd2 Bd3 38. h4 Ra6 39. Bf1 Ra1 40. Kf2 Bxf1 41. Nxf1 Ra2+ 42. Nd2 Kf6 43. Ke1 Ke6 44. Kd1 Kd5 45. Kc1 Ra3 46. Bf2 Rd3 47. Kc2 f4 48. gxf4 exf4 49. Be1 Rh3 50. Nf1 Rh1 51. Bd2 Rxf1 52. Bc3 e3 53. Kd3 Rh1 54.
Bf6 Ke6 55. Bg5 Kf5 56. Ke2 Kg4 0-1

[Event "*** Titled Tuesday Blitz"]
[Site "Chess.com"]
[Date "2020.05.12"]
[Round "5"]
[White "Kolle05"]
[Black "maurito96"]
[Result "1-0"]
[WhiteElo "2380"]
[BlackElo "2197"]
[TimeControl "180+1"]
[EndTime "10:56:48 PDT"]
[Termination "Kolle05 won on time"]

1. e4 c5 2. Nf3 e6 3. d3 Nc6 4. g3 g6 5. Bg2 Bg7 6. O-O Nge7 7. Re1 d5 8. Nbd2 b6 9. c3 Bb7 10. Nf1 O-O 11. e5 Qc7 12. Bf4 d4 13. c4 a6 14. h4 b5 15. b3 bxc4 16. bxc4 Rab8 17. N1h2 Ba8 18. Ng4 Rb2 19. Qc1 Qb6 20. Bh6 Nf5 21. Bxg7 Kxg7 22. Qg5 Qd8 23. Qf4 Nb4 24. Red1 Nxa2 25.
Nf6 Nc3 26. Re1 Ne2+ 27. Rxe2 Rxe2 28. g4 Nh6 29. Rxa6 Bxf3 30. Bxf3 Rb2 31. Ra8 Qe7 32. Ra6 Ng8 33. h5 Rfb8 34. Rd6 R2b7 35. Bxb7 Rxb7 36. Nxg8 Kxg8 37. Qf6 Qxf6 38. exf6 Rb8 39. h6 Kf8 40. Rd7 g5 41. Rc7 Ke8 42. Rxc5 Rb3 43. Rxg5 Rxd3 44. Rg8+ Kd7 45. Rg7 Kd6 46. Rxh7 Rd1+ 47.
Kg2 d3 48. Kf3 Ke5 49. Rxf7 Rh1 50. Rd7 Rxh6 51. g5 Rh3+ 52. Kg4 Rh2 53. f7 Rxf2 54. g6 d2 55. Rxd2 Rxd2 56. f8=Q Rg2+ 57. Kf3 1-0

[Event "*** Titled Tuesday Blitz"]
[Site "Chess.com"]
[Date "2020.05.12"]
[Round "5"]
[White "atwalcb"]
[Black "pfalcon1949"]
[Result "1-0"]
[WhiteElo "2293"]
[BlackElo "1992"]
[TimeControl "180+1"]
[EndTime "10:56:48 PDT"]
[Termination "atwalcb won by checkmate"]

1. d4 Nf6 2. Bg5 d5 3. Bxf6 exf6 4. e3 Bd6 5. g3 c6 6. Bg2 Bf5 7. Ne2 Nd7 8. O-O O-O 9. c4 dxc4 10. a4 Rc8 11.
Nd2 b5 12. axb5 cxb5 13. e4 Bg6 14. Rxa7 Rc7 15. Rxc7 Qxc7 16. Nc3 Qb6 17. Nd5 Qa5 18. Qc2 Nb6 19. Ne3 Bb4 20. Nb1 Rc8 21. f4 h6 22. f5 Bh7 23. Nc3 Bxc3 24. bxc3 b4 25. cxb4 Qxb4 26. Rb1 Qa5 27. Kh1 c3 28. h4 g6 29. g4 Kg7 30. Rc1 Nc4 31. Nxc4 Rxc4 32. Qd3 Rc7 33. Rc2 Qa1+ 34. Bf1 Qe1 35. Kg2 Qxh4 36.
Be2 Qg5 37. Rxc3 Ra7 38. Qe3 Qh4 39. Qg3 Qg5 40. Rf3 Qc1 41. Rf1 Qd2 42. Rf2 Ra2 43. d5 Qd4 44. Bf3 Rxf2+ 45. Qxf2 Qe5 46. Qg3 Qd4 47. d6 gxf5 48. gxf5+ Kf8 49. Qh2 Kg7 50. Qf4 Qb2+ 51. Kg3 Qd4 52. Be2 Qg1+ 53. Kf3 Qd4 54. Qg3+ Kf8 55. Qh2 Qc3+ 56. Kf2 Kg7 57. Qg3+ Qxg3+ 58. Kxg3 Kf8 59. Bb5 Bg8 60. Kh4 h5 61. Kxh5 Kg7 62.
d7 Bh7 63. d8=Q Bxf5 64. exf5 Kh7 65. Qxf6 Kg8 66. Be8 Kh7 67. Qxf7+ Kh8 68. Qf6+ Kg8 69. Bf7+ Kf8 70. Be6+ Ke8 71. Qf7+ Kd8 72. Qd7# 1-0

[Event "*** Titled Tuesday Blitz"]
[Site "Chess.com"]
[Date "2020.05.12"]
[Round "5"]
[White "Konovalova_Vera"]
[Black "AwareIdea"]
[Result "0-1"]
[WhiteElo "2097"]
[BlackElo "2523"]
[TimeControl "180+1"]
[EndTime "10:56:50 PDT"]
[Termination "AwareIdea won on time"]

1. d4 d5 2. Nf3 Nf6 3. Bg5 Ne4 4. Bh4 c6 5. c3 Qb6 6. Qc2 Bf5 7. Qc1 Nd7 8. e3 h6 9. Be2 g5 10. Bg3 Bg7 11.
Nbd2 Nxg3 12. hxg3 e5 13. dxe5 Nxe5 14. Nxe5 Bxe5 15.
Nf3 Bf6 16. Qd2 a5 17. Nd4 Bg6 18. Bd3 c5 19. Nf5 O-O-O 20. O-O h5 21. Qc2 c4 22.
Be2 Qe6 23. g4 Kb8 24. Rad1 hxg4 25. Bxg4 Qe5 26. g3 Rh7 27. Kg2 Rdh8 28. Rh1 Rxh1 29.
Rxh1 Rxh1 30. Kxh1 b5 31. Kg2 b4 32. cxb4 axb4 33. e4 Qxe4+ 34. Qxe4 dxe4 35. Nd6 c3 36. bxc3 bxc3 37. Bd1 Be7 38. Nb5 Bb4 39. Nd4 Kc7 40. Kf1 Kd6 41. g4 Kc5 42. Nc2 Ba5 43. Ne3 f6 44.
Ke2 Bf7 45. a3 Bb6 46. Bc2 Bc4+ 47. Ke1 Be6 48. Bxe4 Kd4 49. Bc2 Bc5 50. Ke2 Ke5 51.
Nd1 Bxa3 52. Nxc3 Bxg4+ 53. f3 Be6 54. Ne4 Bc4+ 55. Ke3 Be7 56. Nf2 Bd8 57. Ng4+ Ke6 0-1

[Event "*** Titled Tuesday Blitz"]
[Site "Chess.com"]
[Date "2020.05.12"]
[Round "5"]
[White "stolencandy13"]
[Black "Angel_Hranitel_37"]
[Result "1-0"]
[WhiteElo "2512"]
[BlackElo "2359"]
[TimeControl "180+1"]
[EndTime "10:56:51 PDT"]
[Termination "stolencandy13 won by checkmate"]

1. e4 c5 2. Nf3 e6 3. d4 cxd4 4. Nxd4 Nf6 5. Nc3 Nc6 6. Ndb5 Bc5 7. Bf4 O-O 8. Bc7 Qe7 9. Bd6 Bxd6 10. Qxd6 Qd8 11. O-O-O a6 12. Nd4 Ne7 13. Kb1 b5 14. f3 Bb7 15. g4 Ne8 16. Qb4 Rc8 17. h4 d6 18. a4 a5 19. Qxb5 Rb8 20. Qc4 d5 21.
Qc5 Nd6 22. Nb3 Rc8 23. Qxa5 dxe4 24. Qe5 Bd5 25. fxe4 f6 26. Qd4 Nxe4 27. Nxd5 exd5 28. Bg2 Qc7 29. Bxe4 dxe4 30. Qxe4 Nc6 31. h5 Rfe8 32. Qc4+ Kh8 33. h6 g6 34. Rhe1 Rxe1 35. Rxe1 Qd7 36.
Qe6 Qxe6 37. Rxe6 Nb4 38. c3 Nd3 39. Kc2 Ne5 40. g5 Ng4 41. gxf6 Kg8 42. Re7 Nxf6 43.
a5 Ra8 44. Re6 Ng4 45. a6 Nxh6 46. Nc5 Nf7 47. Re7 Nd6 48. a7 g5 49. Rd7 Nb5 50. Rd5 Nxa7 51. Rxg5+ Kf7 52. Rd5 Nc6 53. b4 Ra2+ 54.
Kd3 Rg2 55. Rd7+ Kf6 56. Rd6+ Ke5 57. Rxc6 h5 58. Kc4 h4 59. Rh6 Rh2 60. b5 Rh1 61. b6 h3 62. b7 h2 63. b8=Q+ Kf5 64. Rxh2 Kg4 65. Rxh1 Kf3 66. Qf8+ Kg2 67. Rh7 Kg3 68.
Rg7+ Kh3 69. Qh8# 1-0

[Event "*** Titled Tuesday Blitz"]
[Site "Chess.com"]
[Date "2020.05.12"]
[Round "5"]
[White "igorcadilhac"]
[Black "Grandmaster2B"]
[Result "1/2-1/2"]
[WhiteElo "2348"]
[BlackElo "2487"]
[TimeControl "180+1"]
[EndTime "10:56:51 PDT"]
[Termination "Game drawn by stalemate"]

1. e4 c5 2. Nf3 d6 3. d4 cxd4 4. Qxd4 Nf6 5. e5 Nc6 6. Bb5 dxe5 7. Qxd8+ Kxd8 8. Bxc6 bxc6 9. Nxe5 Ke8 10. Nxc6 Bb7 11. Ne5 Bxg2 12. Rg1 Be4 13. Nc3 a6 14. Be3 Bxc2 15.
Rc1 Bf5 16. Na4 Rc8 17. Ke2 Nd5 18. Bc5 f6 19. Nc4 Kf7 20. Ncb6 Nxb6 21. Nxb6 Rc6 22. Nd5 a5 23. Rgd1 Be6 24. Ne3 Bxa2 25. Rd8 e5 26.
Ra1 Rxc5 27. Rxa2 Rb5 28. Nc4 g6 29. Ra8 Bg7 30. Nd6+ Ke6 31. Rxh8 Bxh8 32. Nxb5 Kd5 33. Rxa5 e4 34. Nc3+ Kc4 35. Nxe4 f5 36. Nd2+ Kb4 37. Ra8 Bxb2 38. Rb8+ Kc3 39. Nb1+ Kc2 40. Nd2 Be5 41. Nf3 Bxb8 42. Ng5 h6 43. Nf7 Bf4 44. h3 h5 45. Kf3 g5 46. Nh6 Bd2 47. Nxf5 Kd3 48. Ng7 h4 49. Ne6 Be1 50. Nxg5 Bd2 51.
Ne4 Bb4 52. Nf6 Be7 53. Ng4 Kd4 54. Kf4 Bd6+ 55. Kf5 Bg3 56. f4 Kd5 57. Ne5 Bh2 58. Nf3 Bg3 59. Kg4 Ke4 60. Nxh4 Bxh4 61. Kxh4 Kxf4 62.
Kh5 Kf5 63. h4 Kf6 64. Kh6 Kf7 65. h5 Kg8 66. Kg6 Kh8 67. h6 Kg8 68. h7+ Kh8 69. Kh6 1/2-1/2

[Event "*** Titled Tuesday Blitz"]
[Site "Chess.com"]
[Date "2020.05.12"]
[Round "5"]
[White "dosto07"]
[Black "Kate1606"]
[Result "0-1"]
[WhiteElo "2138"]
[BlackElo "2072"]
[TimeControl "180+1"]
[EndTime "10:56:54 PDT"]
[Termination "Kate1606 won on time"]

1. d4 Nf6 2. Nf3 e6 3. Bf4 c5 4. e3 d5 5. c3 b6 6. Nbd2 Bb7 7. h3 Bd6 8. Ne5 O-O 9. Bd3 h6 10. Qf3 Nc6 11. O-O Kh8 12. Rad1 Bc7 13. Rfe1 Nxe5 14.
dxe5 Nd7 15. e4 Nxe5 16. Qg3 Nxd3 17. Bxc7 Qd7 18. Qxd3 Qxc7 19. exd5 Bxd5 20. c4 Bb7 21. Qe3 Rad8 22. Nf1 Qc6 23. f3 Rd7 24. Rxd7 Qxd7 25. b3 Rd8 26. h4 Kg8 27. Kh1 Qe7 28. Qf2 Rd4 29. h5 Qh4+ 30. Qxh4 Rxh4+ 31. Kg1 Rd4 32. Kf2 Kf8 33. Ke3 Ke7 34. Nd2 Bc6 35. Ne4 Bxe4 36. fxe4 f6 37. g4 e5 38. Rc1 Ke6 39. a3 a6 40. b4 cxb4 41. axb4 Kd6 42. c5+ bxc5 43. bxc5+ Kc6 44. Ra1 Kb5 45. c6 Rc4 46. Rd1 Kxc6 47.
Ra1 Kb6 48. Rd1 Rc7 49. Rd8 a5 50. Rg8 a4 51. Ra8 Ra7 52. Rb8+ Kc7 53. Rb2 a3 54.
Ra2 Kb6 55. Kd3 Kb5 56. Kc3 Ka4 57. Kc2 Rc7+ 58. Kb1 Rc4 59. Ka1 Rxe4 60. Rd2 Rxg4 61. Ka2 Rg5 62. Rd7 e4 63. Ra7+ Kb4 64. Rb7+ Ka4 65.
Ra7+ Kb5 66. Rb7+ Kc4 67. Re7 Kd3 0-1

[Event "*** Titled Tuesday Blitz"]
[Site "Chess.com"]
[Date "2020.05.12"]
[Round "5"]
[White "Bathory44"]
[Black "Sashadav97"]
[Result "1-0"]
[WhiteElo "2598"]
[BlackElo "2757"]
[TimeControl "180+1"]
[EndTime "10:56:55 PDT"]
[Termination "Bathory44 won by resignation"]

1. e4 c5 2. c3 Nf6 3. e5 Nd5 4.
d4 cxd4 5. Nf3 d6 6. cxd4 e6 7. Bc4 Be7 8. O-O O-O 9. Re1 b6 10.
exd6 Qxd6 11. Nc3 Nxc3 12. bxc3 Ba6 13. Bxa6 Nxa6 14. a4 Rac8 15. Ba3 Qc7 16. Bxe7 Qxe7 17. Qd3 Nc7 18. a5 b5 19. a6 Nd5 20. Rec1 Nf4 21.
Qxb5 Rb8 22. Qf1 Rb2 23. Re1 Rc8 24. g3 Rxc3 25. Ne5 Nd5 26. Rab1 Rb6 27. Rxb6 Nxb6 28.
Rc1 Rc7 29. Rxc7 Qxc7 30. Qb5 g6 31. Qe8+ Kg7 32. Nc6 Nd5 33. h4 h5 34. Ne5 Nb4 35.
Qb5 Nd5 36. Qb7 Qc1+ 37. Kg2 Qc7 38. Nc6 Qd6 39. Nxa7 Nc7 40. Nc6 Qd5+ 41. Kg1 Nb5 42. a7 Nxa7 43. Qxa7 Qxc6 44. Qa1 Qd5 45. Qc3 Kg8 46.
Qe3 Kg7 47. Kh2 Kh7 48. Kg1 Qa2 49. Kh2 Qb1 50. Kg2 Qb7+ 51. Kh2 Qd5 52. Qf4 Kg8 53. Qe3 Kg7 54. Qf4 f6 55. Qe3 g5 56. hxg5 fxg5 57. Kg1 Kg6 58. Kh2 Qf5 59. Qd2 h4 60. gxh4 gxh4 61.
Qe3 Kh5 62. Qe2+ Qg4 63. Qe5+ Qf5 64. Qxf5+ exf5 65. d5 Kg5 66. Kh3 f4 67. d6 Kf6 68.
Kxh4 Ke6 69. Kg4 Kxd6 70. Kxf4 Ke6 1-0

[Event "*** Titled Tuesday Blitz"]
[Site "Chess.com"]
[Date "2020.05.12"]
[Round "5"]
[White "woodhy"]
[Black "checkmatequen"]
[Result "0-1"]
[WhiteElo "2453"]
[BlackElo "2265"]
[TimeControl "180+1"]
[EndTime "10:56:57 PDT"]
[Termination "checkmatequen won by resignation"]

1. e4 c5 2. Nf3 e6 3. d4 cxd4 4. Nxd4 a6 5. c4 Nf6 6. Nc3 Bb4 7. Bd3 Nc6 8. Nxc6 dxc6 9. Qc2 e5 10. O-O O-O 11.
Be3 Ng4 12. Bd2 Qd6 13. h3 Rd8 14. hxg4 Qxd3 15. Qb3 Qxd2 16. Qxb4 Bxg4 17. Qxb7 Rab8 18. Qc7 Rxb2 19. Nd5 Rf8 20. Ne7+ Kh8 21. Nxc6 Be2 22. Rfb1 Bxc4 23. Rxb2 Qxb2 24. Rd1 h6 25. Nxe5 Bxa2 26. Nd7 Rg8 27. Nc5 a5 28. Qxa5 Bc4 29. Qd2 Qe5 30. Nd3 Qxe4 31. Nc5 Qe5 32. Qd4 Qxd4 33.
Rxd4 Be2 34. Rf4 Bh5 35. Ne4 Bg6 36. Ng3 Re8 37. Rf3 f6 38. Re3 Rxe3 39. fxe3 Kg8 40. Kf2 Kf7 41. Ne2 Ke6 42. Nf4+ Kf5 43. Nd5 Bf7 44. Ne7+ Ke6 45. Nc6 Kd5 46. Nd4 g6 47.
Ne2 f5 48. Nf4+ Ke5 49. Nd3+ Ke4 50. Nc5+ Kd5 51. Nd3 g5 52. Nb4+ Ke4 53. Nc2 Bc4 54. Ne1 h5 55. Nf3 g4 56. Nd2+ Kd3 57. Nf1 h4 58.
Ke1 Bd5 59. Kf2 h3 60. gxh3 gxh3 61. Kg3 Bg2 62. Nh2 Kxe3 63. Kh4 f4 64. Kg4 f3 65.
Kg3 f2 66. Kg4 f1=Q 67. Nxf1+ Bxf1 68. Kg3 Bg2 69. Kh2 Kf3 70. Kg1 Kg4 71. Kh2 Kf3 72.
Kg1 Ke2 73. Kh2 Kf1 74. Kg3 Kg1 0-1

[Event "*** Titled Tuesday Blitz"]
[Site "Chess.com"]
[Date "2020.05.12"]
[Round "5"]
[White "Vesper2018"]
[Black "Shuvalov"]
[Result "1-0"]
[WhiteElo "2244"]
[BlackElo "2449"]
[TimeControl "180+1"]
[EndTime "10:56:57 PDT"]
[Termination "Vesper2018 won by resignation"]

1. e4 e6 2. d4 d5 3. Nc3 Bb4 4. e5 c5 5. a3 Bxc3+ 6. bxc3 Ne7 7. h4 Qc7 8. Rh3 b6 9. a4 Ba6 10. Bb5+ Bxb5 11. axb5 a5 12. h5 h6 13. Ne2 Nd7 14.
Ba3 O-O-O 15. Qd3 Kb8 16. f4 g6 17. c4 Ka7 18. cxd5 Nxd5 19. c4 Nb4 20. Bxb4 cxb4 21.
Qb3 Kb8 22. hxg6 fxg6 23. Rc1 Rc8 24. Rd3 Rhe8 25. Ng3 Qb7 26. Rd2 h5 27. Qe3 Rf8 28. Ne4 Rcd8 29. Nd6 Qc7 30. c5 Nf6 31. exf6 Rxd6 32. Re2 Rd5 33. cxb6 Qd7 34. Qxe6 Qxe6 35. Rxe6 Rxb5 36. Rc5 Rxc5 37. dxc5 Kb7 38. Kd2 Ka6 39. Kc2 a4 40. Kb2 h4 41. Rd6 Re8 42. f7 Rf8 43.
Rf6 Kb7 44. Kc2 Ka6 45. Kd3 Kb5 46. b7 a3 47. Kc2 Kc4 48. Rb6 Rb8 49. f8=Q Rxf8 50.
b8=Q Rxb8 51. Rxb8 Kxc5 52. Rc8+ Kd4 53. Kb3 Ke3 54.
Rg8 Kxf4 55. Rxg6 Kf5 56. Rh6 Kg5 57. Rh8 Kg4 58. Rb8 Kg3 59. Rxb4 a2 60. Kxa2 Kxg2 61.
Rxh4 Kg3 62. Rb4 Kf3 63. Kb2 Ke3 64. Kc3 Kf3 65. Rd4 Ke3 66. Kc4 1-0

[Event "*** Titled Tuesday Blitz"]
[Site "Chess.com"]
[Date "2020.05.12"]
[Round "5"]
[White "lupta_robin"]
[Black "EugeneRougon"]
[Result "1-0"]
[WhiteElo "2590"]
[BlackElo "2745"]
[TimeControl "180+1"]
[EndTime "10:56:58 PDT"]
[Termination "lupta_robin won by resignation"]

1. e4 e6 2. d4 d5 3. Nc3 Bb4 4. e5 c5 5. a3 Bxc3+ 6. bxc3 Ne7 7. Qg4 cxd4 8. cxd4 Qc7 9. Bd2 Qxc2 10. Rc1 Qe4+ 11.
Qxe4 dxe4 12. g3 Bd7 13. Bg2 Bc6 14. Ne2 Nd7 15. Be3 f5 16. exf6 gxf6 17. Nf4 Kf7 18. Bh3 f5 19. g4 Nf6 20. gxf5 Nxf5 21. Rc5 Ng7 22. Rg1 Rae8 23. Rcg5 Rhg8 24. d5 exd5 25. Bd4 h6 26. Rg6 Ngh5 27. Nxh5 Rxg6 28. Rxg6 Kxg6 29. Nxf6 Rf8 30. Ng4 Rf3 31. Ne5+ Kg5 32.
Nxf3+ exf3 33. Kd2 Kf4 34. Be3+ Ke4 35. Bxh6 d4 36.
Bf1 b5 37. Bd3+ Ke5 38. Bf8 a5 39. h4 Be8 40. Bc5 Kd5 41. Bb6 b4 42. axb4 axb4 43. Bd8 b3 44. Kc1 Kc5 45. Kb2 Kb4 46. Bg5 Bf7 47.
Bd2+ Ka4 48. Be4 Kb5 49. Bxf3 Kc4 50. h5 Kd3 51. Bf4 Bg8 52. h6 Bh7 53. Bc1 Kc4 54. Bd1 d3 55. Bxb3+ Kd4 56. Bd1 Ke4 57. Be3 Kd5 58.
Kc1 Ke5 59. Kd2 Ke4 60. Bb3 Kf5 61. Bc4 Kg4 62. Bxd3 Bg8 63. h7 Bxh7 64. Bxh7 Kf3 65. Bd3 Kg2 66. Ke2 Kg1 67. f4+ 1-0

[Event "*** Titled Tuesday Blitz"]
[Site "Chess.com"]
[Date "2020.05.12"]
[Round "5"]
[White "wanyaland"]
[Black "Konek-Gorbunok"]
[Result "1/2-1/2"]
[WhiteElo "2322"]
[BlackElo "2161"]
[TimeControl "180+1"]
[EndTime "10:57:00 PDT"]
[Termination "Game drawn by repetition"]

1. d4 d5 2. c4 e6 3. Nc3 c6 4. e4 dxe4 5. Nxe4 Bb4+ 6. Bd2 Qxd4 7. Bxb4 Qxe4+ 8. Be2 Na6 9. Bd6 Nf6 10. Nf3 Bd7 11. O-O O-O-O 12. Ne5 Be8 13. Bf3 Qf5 14. Rc1 Nc5 15. b4 Nce4 16. g4 Qg5 17. Bxe4 Nxe4 18.
f4 Qh4 19. c5 Nxd6 20. cxd6 f6 21. d7+ Bxd7 22. Nf7 e5 23. Nxd8 Rxd8 24. Qf3 Bxg4 25.
Qg3 Qxg3+ 26. hxg3 e4 27. f5 Rd2 28. Rce1 Bf3 29. Rf2 Rd5 30. g4 h5 31. gxh5 Rxf5 32. Rh2 Rg5+ 33. Kf2 f5 34. h6 gxh6 35. Ke3 h5 36.
Kf4 Rg2 37. Rxg2 Bxg2 38. Kxf5 Kc7 39. Kg5 Bf3 40. a3 Kb6 41. Re3 a5 42. bxa5+ Kxa5 43. Rc3 Ka4 44. Kf4 b5 45. Rxc6 Kxa3 46. Ra6+ Kb3 47. Kg5 b4 48. Kf4 Kb2 49. Ke3 b3 50.
Kd2 Kb1 51. Rg6 b2 52. Kc3 e3 53. Rb6 e2 54. Kd2 h4 55. Rb3 Bg4 56. Rb4 h3 57. Rxg4 h2 58. Rh4 Ka1 59. Ra4+ Kb1 60. Rh4 Ka1 61. Ra4+ Kb1 62. Rh4 1/2-1/2

[Event "*** Titled Tuesday Blitz"]
[Site "Chess.com"]
[Date "2020.05.12"]
[Round "5"]
[White "TST2014"]
[Black "Alexander_Moskalenko"]
[Result "0-1"]
[WhiteElo "2591"]
[BlackElo "2824"]
[TimeControl "180+1"]
[EndTime "10:57:02 PDT"]
[Termination "Alexander_Moskalenko won by checkmate"]

1. d4 d5 2. c4 e6 3. Nf3 Nf6 4. Nc3 Bb4 5. e3 O-O 6. Bd2 b6 7. cxd5 exd5 8. a3 Bd6 9. b4 a6 10. Qb3 Bb7 11. Bd3 Nbd7 12. O-O Re8 13. Qc2 g6 14. Rab1 Qe7 15. h3 Ne4 16. Rfc1 Ndf6 17. Be1 h5 18. Nd2 Ng5 19. Bf1 Ne6 20. Nf3 Ng7 21.
Ne2 Ne4 22. Bc3 Nf5 23. Be1 Rac8 24. Nf4 h4 25. Nd3 f6 26. Qe2 Kg7 27. Nd2 Ng5 28. Nf3 Nf7 29. Nc5 bxc5 30. bxc5 Bc6 31. Qxa6 Qd7 32. cxd6 cxd6 33. Rb6 Ba8 34. Bb5 Qxb5 35. Qxb5 Rxc1 36. Rb8 Rxb8 37. Qxb8 Bc6 38. Qb2 Rc4 39. Bb4 Ba4 40. Qd2 Rc2 41. Qd3 Rc1+ 42. Kh2 Rc4 43.
Nd2 Bc2 44. Qe2 Rc8 45. Qa6 Rc7 46. a4 Bd1 47. a5 Rc2 48. Qb7 Be2 49. a6 Bxa6 50. Qxa6 Rb2 51. Qa5 g5 52. Qa3 Rc2 53. Qd3 Rb2 54. Qxf5 Rxb4 55. Qxd5 Rb1 56. Nf3 Rb2 57.
Qe6 Rxf2 58. d5 Re2 59. Nd4 Rf2 60. Nf5+ Kg6 61. Nxd6 Ne5 62. Qe8+ Kg7 63. Ne4 Nf3+ 64. Kh1 Rf1# 0-1

[Event "*** Titled Tuesday Blitz"]
[Site "Chess.com"]
[Date "2020.05.12"]
[Round "5"]
[White "FLamps8"]
[Black "halfnatty"]
[Result "1-0"]
[WhiteElo "2581"]
[BlackElo "2725"]
[TimeControl "180+1"]
[EndTime "10:57:02 PDT"]
[Termination "FLamps8 won by resignation"]

1. d4 Nf6 2. Bf4 d5 3. e3 e6 4. Bd3 c5 5. c3 Nc6 6. Nd2 Be7 7. Ngf3 Nh5 8. Bg3 O-O 9. Qe2 g6 10. Ne5 Nxe5 11. Bxe5 f6 12. Bg3 Bd7 13. dxc5 Bxc5 14. e4 Re8 15. O-O Nxg3 16. hxg3 Qb6 17. Nb3 Bf8 18. exd5 exd5 19. Qf3 Rad8 20. Qxd5+ Be6 21. Qb5 Qc7 22. Nd4 Bf7 23. Bc2 a6 24. Qa4 Re5 25.
Bb3 Rde8 26. Bxf7+ Qxf7 27. Qb3 Bc5 28. Rad1 R8e7 29.
Qxf7+ Kxf7 30. Rd2 h5 31. f3 f5 32. Kf2 Re8 33. Rfd1 R5e7 34. Kf1 Ba7 35. f4 Re3 36.
Nf3 Bb8 37. Rd7+ R3e7 38. Rxe7+ Rxe7 39. Rd8 Bc7 40. Rc8 Bb6 41. Ne5+ Kg7 42. Ke2 Bc7 43.
Kf3 Bxe5 44. fxe5 Kf7 45. Kf4 Ke6 46. Rf8 g5+ 47. Kxg5 Rg7+ 48. Kf4 Rg4+ 49. Kf3 Kxe5 50. Rf7 b5 51. Re7+ Kf6 52. Ra7 Ra4 53. a3 Ke5 54. Rh7 Re4 55. Rxh5 a5 56. Rh6 b4 57. axb4 axb4 58. Rb6 bxc3 59. Rb5+ Kf6 60. bxc3 Rc4 61. Rb3 Ke5 62. Ke3 Rg4 63. Kf2 Rc4 64. Rb5+ Ke4 65. Rb4 Kd5 66. Rxc4 Kxc4 67. Ke3 Kxc3 68. Kf4 Kd4 69.
Kxf5 1-0